 Dungeon Crawl Stone Soup version 0.17-a0-1468-gbf503c2 (webtiles) character file.

79558 hexophile the Thaumaturge (level 15, -1/138 HPs)
             Began as a Naga Wizard on June 30, 2015.
             Was the Champion of Cheibriados.
             Slain by a wyvern (7 damage)
             ... on level 8 of the Lair of Beasts on July 1, 2015.
             The game lasted 04:41:26 (36728 turns).

hexophile the Thaumaturge (Naga Wizard)            Turns: 36728, Time: 04:41:26

Health: -1/138     AC: 19    Str: 26    XL:     15   Next: 64%
Magic:  2/27       EV: 13    Int: 43    God:    Cheibriados [******]
Gold:   2133       SH:  6    Dex: 24    Spells: 10 memorised, 6 levels left

rFire  . . .     SeeInvis +     k - +3 scimitar (flame)
rCold  . . .     Rnd*Rage +     O - +3 scale mail of the Purple Skies {Int+4}
rNeg   + . .     SustAt   .     K - +0 buckler
rPois  +         Gourm    +     b - +2 hat
rElec  .         Spirit   .     R - +1 cloak
rCorr  .         Warding  .     u - +0 pair of gloves
rMut   .         Stasis   .     (no barding)
MR     +++..                    V - amulet of the gourmand
Stlth  +++.......               B - ring of Idares {rN+ MR+}
                                E - ring of protection from magic

@: lethally poisoned (-1 -> -6), repel missiles, very slow, extremely resistant
to hostile enchantments, fairly stealthy
A: antennae 1, molten scales 1, see invisible, berserk 1, deformed body, low mp
1, poison resistance, slowness 2, slow metabolism 1, spit poison 2, constrict 1,
AC +5
a: Spit Poison, Bend Time, Temporal Distortion, Slouch, Step From Time, Renounce
Religion


You were on level 8 of the Lair of Beasts.
You worshipped Cheibriados.
Cheibriados was exalted by your worship.
You were very full.

You visited 5 branches of the dungeon, and saw 26 of its levels.
You also visited: Ossuary.

You collected 2598 gold pieces.
You spent 465 gold pieces at shops.

Inventory:

Hand weapons
 k - a +3 scimitar of flaming (weapon)
 l - a +2 whip of electrocution
 q - a +2 demon whip of venom
Missiles
 e - 22 bolts
 g - 567 stones (quivered)
Armour
 b - a +2 hat (worn)
 u - a +0 pair of gloves (worn)
 K - a +0 buckler (worn)
 O - the +3 scale mail of the Purple Skies (worn) {Int+4}
   (You found it on level 4 of the Dungeon)

   It affects your intelligence (+4).
 R - a +1 cloak (worn)
Jewellery
 B - the ring of Idares (right hand) {rN+ MR+}
   (You found it on level 6 of the Lair of Beasts)

   [ring of protection from magic]

   It protects you from negative energy.
   It affects your resistance to hostile enchantments.
 C - an uncursed ring of protection from fire
 E - a ring of protection from magic (left hand)
 S - an uncursed amulet of stasis
 V - an amulet of the gourmand (around neck)
Magical devices
 a - a wand of cold (6)
 f - a wand of lightning (9)
 n - a wand of draining (4)
 s - a wand of lightning (7)
 F - a wand of slowing (17)
 I - a wand of teleportation (6)
 Q - a wand of draining (8)
 U - a wand of digging (19)
 Y - a wand of paralysis (9)
Scrolls
 h - 2 scrolls of summoning
 v - 8 scrolls of teleportation
 x - 4 scrolls of amnesia
 y - 6 scrolls of remove curse
 D - a scroll of holy word
 G - 2 scrolls of fear
 J - a scroll of fog
 M - 2 scrolls of magic mapping
Potions
 m - a potion of magic
 p - 5 potions of brilliance
 r - 2 potions of cancellation
 A - 2 potions of might
 P - 3 potions of lignification
 T - a potion of invisibility
 W - a potion of agility
 Z - a potion of resistance
Books
 t - a book of the Tempests

   Spells                             Type                      Level
   a - Static Discharge               Conjuration/Air              3
   b - Lightning Bolt                 Conjuration/Air              5
   c - Fireball                       Conjuration/Fire             5
   d - Tornado                        Air                          9
   e - Shatter                        Earth                        9
 N - a Necronomicon

   Spells                             Type                      Level
   a - Haunt                          Necromancy/Summoning         7
   b - Borgnjor's Revivification      Necromancy                   8
   c - Death's Door                   Charms/Necromancy            8
   d - Necromutation                  Transmutation/Necromancy     8
Miscellaneous
 z - a crystal ball of energy
Comestibles
 c - a slice of pizza
 d - 9 bread rations
 i - 7 beef jerkies
 j - 3 chunks of flesh
 o - 7 royal jellies
 w - 6 meat rations
 L - 10 fruits


   Skills:
 + Level 9.8 Fighting
 * Level 7.0 Armour
 - Level 6.2 Dodging
 - Level 5.1 Stealth
 - Level 3.0 Shields
 + Level 11.9 Spellcasting
 - Level 10.1 Conjurations
 + Level 0.6 Hexes
 - Level 5.1 Charms
   Level 1.0 Summonings
 - Level 8.0 Necromancy
 - Level 1.0 Translocations
 - Level 4.8 Fire Magic
 * Level 8.3 Air Magic
 - Level 8.5 Poison Magic
 - Level 7.4 Invocations


You had 6 spell levels left.
You knew the following spells:

 Your Spells              Type           Power        Failure   Level  Hunger
a - Magic Dart            Conj           ####         1%          1    None
b - Blink                 Tloc           N/A          2%          2    None
c - Conjure Flame         Conj/Fire      ######..     1%          3    None
d - Mephitic Cloud        Conj/Pois/Air  #######.     1%          3    None
e - Repel Missiles        Chrm/Air       ######       1%          2    None
f - Searing Ray           Conj           ######       1%          2    None
g - Regeneration          Chrm/Necr      ######....   1%          3    None
h - Fulminant Prism       Conj/Hex       ######....   3%          4    None
i - Iskenderun's Battles  Conj/Chrm      ######..     3%          5    None
j - Poisonous Cloud       Conj/Pois/Air  #######...   12%         6    ##.....


Dungeon Overview and Level Annotations

Branches:
Dungeon (12/15)            Temple (1/1) D:7            Lair (8/8) D:10
 Shoals (0/4) Lair:6       Spider (1/4) Lair:4        Slime (0/6) Lair:7
    Orc (4/4) D:12            Elf (0/3) Orc:3

Altars:
Cheibriados
Dithmenos
Elyvilon
Fedhas
Gozag
Kikubaaqudgha
Makhleb
Nemelex Xobeh
Qazlal
Ru
Sif Muna
Trog
Vehumet
Yredelemnul
Zin
The Shining One
Beogh

Shops:
D:7 :   D:10 }   Orc:4 *?%=

Annotations:
D:7 ice and acquierment


Innate Abilities, Weirdness & Mutations

You cannot wear boots.
Your serpentine skin is tough (AC +5).
You have supernaturally acute eyesight.
Armour fits poorly on your strangely shaped body.
Your system is resistant to poisons.
You cover ground very slowly.
You have a slow metabolism.
You can spit poison.
You can use your snake-like lower body to constrict enemies.
You have a pair of small antennae on your head.
You are partially covered in molten scales (AC +1).
You tend to lose your temper in combat.
Your magical capacity is low (-10% MP).


Message History

The wyvern bites you!
* * * LOW HITPOINT WARNING * * *
The spiny frog stings you!
* * * LOW HITPOINT WARNING * * *
Drink which item? (? for menu, Esc to quit)
You feel better.
You constrict the wyvern, but do no damage.
The wyvern is engulfed in poison gas.
The wyvern bites you but does no damage.
The wyvern looks even sicker.
The wyvern bites you but does no damage.
The wyvern is engulfed in poison gas.
You kill the wyvern!
Cheibriados thoroughly appreciates the change of pace.
The spiny frog stings you!
* * * LOW HITPOINT WARNING * * *
You are poisoned.
The spiny frog poisons you!
The wyvern is engulfed in poison gas.
The wyvern bites you!
You die...

#.. #..#
##%..#....
##..F##....# ...
##....#......
....##....##......
.....PP.§†#.P....P
......P.F##P......
........§@l..P....
#.......§§§.P#....
....P..§..§.......
..........<.......
..........†P......
##.#...#....P.....
######..#..##.#.P
####### ## #


You could see a spiny frog and a wyvern.

Vanquished Creatures
  Kirke (Lair:6)
  The ghost of nago the Geomancer, a powerful DgEE (D:12)
  An orc warlord (Orc:4)
  Azrael (D:12)
  The ghost of Ajdolov the Impaler, a powerful MfGl of Okawaru (D:12)
  The ghost of pulse the Cleaver, a powerful FoBe of Trog (D:11)
  6 hydras
  Fannar (Orc:1)
  Harold (D:12)
  4 ogre magi (Orc:4)
  A catoblepas (Lair:4)
  The ghost of Sirial the Nimble, an experienced DsWn of Nemelex Xobeh (D:10)
  The ghost of OrbSeeker the Grappler, a powerful VSMo of Nemelex Xobeh (Orc:3)
  Sonja (Lair:3)
  Nergalle (D:10)
  2 skeletal warriors (D:12)
  2 hill giants
  4 wolf spiders (Spider:1)
  2 orb spiders (Spider:1)
  An oklob plant (Lair:1)
  An orc sorcerer (D:12)
  2 orc knights
  An ugly thing (D:12)
  2 griffons
  2 torpor snails
  Psyche (D:9)
  15 spiny frogs
  7 black mambas
  5 komodo dragons
  12 fire drakes
  A queen bee (D:10)
  4 trolls
  17 two-headed ogres
  A merfolk (Lair:6)
  25 blink frogs
  Grinder (D:4)
  A deep elf mage (D:12)
  A tarantella (Spider:1)
  2 hogs (Lair:6)
  33 yaks
  A wraith (D:12)
  4 fire elementals (D:12)
  9 wyverns
  18 hippogriffs
  2 hungry ghosts
  A steam dragon (D:12)
  2 wargs
  12 wolves
  9 basilisks
  3 hell hounds (D:12)
  A soldier ant (D:12)
  Duvessa (D:7)
  19 spiders
  17 orc warriors
  21 water moccasins
  2 wasps (Lair:8)
  16 porcupines
  A sky beast (D:5)
  2 black bears
  8 centaurs
  6 ice beasts
  A necrophage (D:8)
  36 ogres
  15 crocodiles
  3 big kobolds (D:9)
  22 giant frogs
  A wyvern skeleton (D:11)
  4 scorpions
  Dowan (D:7)
  20 killer bees
  4 wights
  2 giant frog zombies
  2 human zombies (Ossuary)
  8 crimson imps
  6 hounds
  6 centaur zombies
  3 quasits
  22 orc priests
  2 giant frog skeletons
  A centaur skeleton (D:7)
  5 jellies
  A wasp zombie (D:6)
  10 worker ants
  Terence (D:3)
  27 orc wizards
  Natasha (D:2)
  8 iguanas
  7 sheep (Lair:2)
  A killer bee zombie (D:6)
  A big kobold zombie (Ossuary)
  3 hound zombies
  A hound skeleton (D:10)
  5 mummies
  Robin (D:2)
  7 gnolls
  A worker ant zombie (D:8)
  15 adders
  55 river rats
  5 shadow imps
  11 white imps (Orc:1)
  3 oozes
  3 adder skeletons
  3 adder zombies
  A worm (D:2)
  9 giant geckos
  146 orcs
  3 ball pythons
  A bat skeleton (D:6)
  6 giant cockroaches
  26 hobgoblins
  14 jackals
  34 kobolds
  3 quokkas
  23 bats
  A giant gecko skeleton (D:4)
  4 giant newts (D:1)
  30 goblins
  2 goblin zombies
  2 jackal zombies (Ossuary)
  2 kobold zombies
  A quokka skeleton (D:6)
  16 rats
  2 rat zombies (Ossuary)
  5 bushes (Lair:1)
  3 fulminant prisms
  2 fungi
  8 plants
1001 creatures vanquished.

Vanquished Creatures (collateral kills)
  A giant frog (D:7)
  A hound (D:7)
  A hobgoblin (D:7)
3 creatures vanquished.

Vanquished Creatures (others)
  A hill giant (D:12)
  2 humans (Lair:6)
  A worker ant (D:12)
  A white imp (Orc:1)
  A bush (Lair:1)
  123 fulminant prisms
  50 fungi
  32 plants
211 creatures vanquished.

Grand Total: 1215 creatures vanquished

Notes
Turn   | Place    | Note
--------------------------------------------------------------
     0 | D:1      | hexophile the Naga Wizard began the quest for the Orb.
     0 | D:1      | Reached XP level 1. HP: 15/15 MP: 4/4
   365 | D:1      | Reached XP level 2. HP: 22/22 MP: 6/6
   769 | D:1      | Upgraded the game from 0.17-a0-1450-g7e755d1 to 0.17-a0-1468-gbf503c2
   849 | D:1      | Reached XP level 3. HP: 28/28 MP: 3/7
  1868 | D:1      | Learned a level 2 spell: Blink
  1872 | D:1      | Learned a level 3 spell: Conjure Flame
  1876 | D:1      | Learned a level 3 spell: Mephitic Cloud
  1942 | D:2      | Noticed Robin
  1948 | D:2      | Reached XP level 4. HP: 36/36 MP: 5/9
  1957 | D:2      | Killed Robin
  1957 | D:2      | Reached skill level 1 in Poison Magic
  1963 | D:2      | HP: 1/36 [goblin[Robin] (4)]
  2685 | D:2      | Noticed Natasha
  2782 | D:2      | Found an ancient bone altar of Kikubaaqudgha.
  2958 | D:2      | Killed Natasha
  2958 | D:2      | Reached skill level 1 in Fire Magic
  2958 | D:2      | Reached XP level 5. HP: 42/42 MP: 6/10
  3417 | D:3      | Noticed an air elemental
  3418 | D:3      | Found a stormy altar of Qazlal.
  3421 | D:3      | Noticed a water elemental
  3421 | D:3      | Noticed a fire elemental
  3446 | D:3      | Reached skill level 4 in Spellcasting
  3895 | D:3      | Noticed Terence
  3926 | D:3      | Killed Terence
  3926 | D:3      | Reached XP level 6. HP: 43/49 MP: 1/12
  4432 | D:4      | Learned a level 2 spell: Repel Missiles
  4454 | D:4      | You fall through a shaft for 3 floors!
  4454 | D:7      | Noticed Dowan
  4458 | D:7      | Noticed Duvessa
  4459 | D:7      | Noticed a hungry ghost
  4480 | D:7      | Killed Dowan
  4487 | D:7      | Found Esilorif's Book Shoppe.
  4489 | D:7      | HP: 1/49 [orc/club (4)]
  4498 | D:7      | Gained mutation: Your magical capacity is low (-10% MP). [potion of mutation]
  4498 | D:7      | Gained mutation: Your muscles are strong. (Str +2) [potion of mutation]
  4498 | D:7      | Lost mutation: Your muscles are strong. (Str +2) [potion of mutation]
  4617 | D:7      | Killed Duvessa
  4617 | D:7      | Reached XP level 7. HP: 25/55 MP: 1/12
  4706 | D:7      | Killed a hungry ghost
  4770 | D:7      | Found a sand-covered staircase.
  4778 | Ossuary  | Entered an ossuary
  5309 | Ossuary  | Reached skill level 5 in Spellcasting
  5484 | D:7      | Reached XP level 8. HP: 51/62 MP: 14/14
  5580 | D:7      | Reached skill level 5 in Poison Magic
  5780 | D:7      | Found a staircase to the Ecumenical Temple.
  5789 | Temple   | Entered the Ecumenical Temple
  5949 | Temple   | Became a worshipper of Cheibriados the Contemplative
  6714 | D:6      | Reached skill level 5 in Conjurations
  6867 | D:6      | Gained mutation: You are partially covered in molten scales (AC +1). [potion of mutation]
  6867 | D:6      | Gained mutation: You tend to lose your temper in combat. [potion of mutation]
  6867 | D:6      | Gained mutation: You have a pair of small antennae on your head. [potion of mutation]
  6952 | D:6      | Acquired Cheibriados's first power
  7433 | D:6      | HP: 2/62 [yak (5)]
  7436 | D:6      | Reached skill level 6 in Poison Magic
  8021 | D:6      | Reached XP level 9. HP: 68/68 MP: 0/16
  8150 | D:6      | Reached skill level 1 in Air Magic
  8307 | D:5      | Entered Level 5 of the Dungeon
  8470 | D:5      | Found a white marble altar of Elyvilon.
  8756 | D:5      | Found a basalt altar of Yredelemnul.
  9019 | D:4      | Got a distressingly furry scale mail
  9041 | D:5      | Identified the +3 scale mail of the Purple Skies {Int+4} (You found it on level 4 of the Dungeon)
  9766 | D:4      | Found a deep blue altar of Sif Muna.
  9795 | D:4      | Reached skill level 1 in Armour
 10102 | D:4      | Acquired Cheibriados's second power
 10411 | D:4      | Noticed Grinder
 10439 | D:4      | Killed Grinder
 10803 | D:7      | Bought a book of Conjurations for 390 gold pieces
 10874 | D:7      | Learned a level 2 spell: Searing Ray
 11184 | D:8      | Found a sparkling altar of Nemelex Xobeh.
 11196 | D:8      | Acquired Cheibriados's third power
 11196 | D:8      | Reached skill level 7 in Spellcasting
 11376 | D:9      | Noticed Psyche
 11382 | D:9      | Killed Psyche
 11382 | D:9      | Reached XP level 10. HP: 68/75 MP: 12/18
 11780 | D:9      | Acquired Cheibriados's fourth power
 12406 | D:9      | Reached skill level 5 in Stealth
 12450 | D:9      | Reached skill level 8 in Conjurations
 12493 | D:9      | Reached skill level 1 in Invocations
 12522 | D:10     | Entered Level 10 of the Dungeon
 12573 | D:10     | Found a staircase to the Lair.
 12800 | D:8      | Reached skill level 5 in Invocations
 13893 | D:8      | Reached XP level 11. HP: 76/80 MP: 20/20
 13906 | D:8      | Reached skill level 1 in Fighting
 13972 | D:8      | Learned a level 3 spell: Regeneration
 14688 | D:10     | Found Bedghum's Gadget Emporium.
 14699 | D:10     | Reached skill level 1 in Charms
 14830 | D:10     | Noticed Sirial's ghost (experienced DsWn)
 14850 | D:10     | Killed Sirial's ghost
 14908 | D:10     | Noticed Nergalle
 15582 | Lair:1   | Entered Level 1 of the Lair of Beasts
 15836 | Lair:1   | Noticed an eight-headed hydra
 15845 | Lair:1   | Killed an eight-headed hydra
 15943 | Lair:1   | Found a blossoming altar of Fedhas.
 16297 | Lair:1   | Learned a level 4 spell: Fulminant Prism
 16316 | Lair:1   | Reached skill level 9 in Spellcasting
 16411 | Lair:1   | Learned a level 5 spell: Iskenderun's Battlesphere
 16638 | Lair:1   | Noticed a five-headed hydra
 16644 | Lair:1   | Killed a five-headed hydra
 17028 | Lair:2   | Reached skill level 5 in Charms
 17028 | Lair:2   | Reached XP level 12. HP: 97/97 MP: 7/22
 18722 | Lair:2   | Reached skill level 10 in Spellcasting
 19414 | Lair:2   | Reached skill level 5 in Fighting
 19951 | Lair:3   | Reached skill level 1 in Necromancy
 20436 | Lair:3   | Noticed Sonja
 20444 | Lair:3   | Killed Sonja
 20444 | Lair:3   | Reached skill level 10 in Conjurations
 20902 | Lair:3   | Found a glowing golden altar of the Shining One.
 21202 | Lair:4   | Noticed a catoblepas
 21611 | Lair:4   | Gained mutation: You can use your snake-like lower body to constrict enemies. [Naga growth]
 21611 | Lair:4   | Reached XP level 13. HP: 103/111 MP: 12/24
 21611 | Lair:4   | Reached skill level 5 in Dodging
 21812 | Lair:4   | Killed a catoblepas
 21812 | Lair:4   | Reached skill level 5 in Necromancy
 21978 | Lair:4   | Got a warped cloak
 21979 | Lair:4   | Identified the +0 cloak "Xytuq" {*Corrode rN+ Dex+3 Slay+2} (You found it on level 4 of the Lair of Beasts)
 22027 | Lair:4   | Noticed a six-headed hydra
 22031 | Lair:4   | Killed a six-headed hydra
 22505 | Lair:4   | Found a hole to the Spider Nest.
 22634 | Spider:1 | Entered Level 1 of the Spider Nest
 23123 | Lair:5   | Got a distressingly furry chain mail
 23124 | Lair:5   | Identified the +1 chain mail of Veutt {rF+} (You found it on level 5 of the Lair of Beasts)
 23975 | Lair:5   | Reached skill level 11 in Spellcasting
 24343 | Lair:6   | Got a glittering granite ring
 24351 | Lair:6   | Identified the ring of Idares {rN+ MR+} (You found it on level 6 of the Lair of Beasts)
 24443 | Lair:6   | Reached XP level 14. HP: 104/124 MP: 21/26
 24900 | Lair:6   | Learned a level 6 spell: Poisonous Cloud
 25100 | Lair:6   | Noticed Kirke
 25231 | Lair:6   | Found a staircase to the Shoals.
 25458 | Lair:6   | Killed Kirke
 25993 | Lair:7   | Found a staircase to the Slime Pits.
 27746 | D:10     | Killed Nergalle
 27746 | D:10     | Reached skill level 1 in Shields
 27746 | D:10     | Reached skill level 5 in Air Magic
 27972 | D:11     | Noticed pulse's ghost (powerful FoBe)
 27984 | D:11     | Killed pulse's ghost
 28116 | D:11     | Noticed a hill giant
 28120 | D:11     | Killed a hill giant
 28625 | D:11     | Noticed a seven-headed hydra
 28634 | D:11     | Killed a seven-headed hydra
 28752 | D:12     | Noticed Ajdolov's ghost (powerful MfGl)
 28794 | D:12     | Killed Ajdolov's ghost
 29135 | D:12     | Found a staircase to the Orcish Mines.
 29172 | Orc:1    | Entered Level 1 of the Orcish Mines
 29172 | Orc:1    | Found a frozen archway.
 29362 | D:12     | Noticed Harold
 29375 | D:12     | Killed Harold
 29663 | D:12     | Noticed nago's ghost (powerful DgEE)
 30330 | D:12     | Reached skill level 5 in Armour
 30707 | Orc:1    | Found a radiant altar of Vehumet.
 30962 | Orc:2    | Noticed Fannar
 30984 | Orc:1    | Killed Fannar
 31311 | Orc:3    | Noticed OrbSeeker's ghost (powerful VSMo)
 31457 | Orc:3    | Killed OrbSeeker's ghost
 31457 | Orc:3    | Reached XP level 15. HP: 131/135 MP: 15/27
 31728 | Orc:4    | Entered Level 4 of the Orcish Mines
 31817 | Orc:3    | Found a staircase to the Elven Halls.
 32696 | Orc:4    | Found Qim Boro's Food Emporium.
 32696 | Orc:4    | Found Mauvosch's Assorted Antiques.
 32696 | Orc:4    | Found Kohugai's Jewellery Shop.
 32696 | Orc:4    | Found Hoabliyt's Magic Scroll Emporium.
 32698 | Orc:4    | HP: 3/135 [ogre/giant spiked club (7)]
 33868 | Orc:4    | Bought a potion of curing for 75 gold pieces
 33900 | Orc:4    | Found a roughly hewn altar of Beogh.
 35040 | D:12     | Killed nago's ghost
 35257 | D:12     | Noticed Azrael
 35263 | D:12     | Killed Azrael
 36679 | Lair:8   | Entered Level 8 of the Lair of Beasts
 36728 | Lair:8   | HP: 6/138 [spiny frog (11)]
 36728 | Lair:8   | Slain by a wyvern

Vault maps used:
D:1:      dpeg_arrival_shrine
D:2:      old_standard_altar, uniq_natasha, uniq_robin
D:3:      nicolae_qazlal_style_of_elements, uniq_terence
D:4:      first_bread, minmay_misc_feat_more_columns, led_sif_book, uniq_grinder
D:5:      old_standard_altar, yredelemnul_altar_generic
D:6:      kennysheep_big_flooded_room
D:7:      minmay_temple_entry_poolview, nicolae_ossuary_entry_giza,
          serial_shops, shop, uniq_duvessa
D:8:      overflow_temple_1_default
D:9:      uniq_psyche
D:10:     minmay_lair_entry_lava, serial_shops, nicolae_shop_behind_doors,
          david_nohive_1, uniq_nergalle
D:11:     st_stairs_6, hangedman_abyss_or_decor_stagger, mrwooster_statue_mirror
D:12:     orc_0_dummy, uniq_azrael, uniq_harold
Temple:   minmay_temple_curvy_14
Lair:1:   tgw_fedhas
Lair:3:   basic_altar, uniq_sonja
Lair:4:   spider_nest_entry_a, special_room, serial_bayou_shore_a
Lair:5:   grunt_megastairs_3
Lair:6:   elwin_shoals_entry_rocks, uniq_kirke
Lair:7:   nicolae_slime_entry_slimehenge
Lair:8:   hangedman_lair_caniforms_friends, hangedman_lair_tendril_chambers
Orc:1:    portal_ice_cave_entry_imps, basic_altar
Orc:2:    uniq_fannar
Orc:3:    minmay_goldmine, nicolae_orc_pool_cavern
Orc:4:    st_orc_ogre_mass, nicolae_orc_rockfall, mines1_david
Ossuary:  ossuary_minmay_tomb_2a

Action                   |  1- 3 |  4- 6 |  7- 9 | 10-12 | 13-15 || total
-------------------------+-------+-------+-------+-------+-------++-------
Melee: Unarmed           |    25 |       |       |       |       ||    25
       Dagger            |    12 |       |       |       |       ||    12
       Whip              |       |     7 |   420 |   238 |   480 ||  1145
       Demon whip        |       |       |       |       |     9 ||     9
       Scimitar          |       |       |       |       |    67 ||    67
 Fire: Hunting sling     |    10 |   186 |    72 |   235 |    10 ||   513
Throw: Stone             |       |       |       |       |     1 ||     1
 Cast: Magic Dart        |    79 |    29 |   112 |   133 |   229 ||   582
       Mephitic Cloud    |     1 |     7 |    11 |    12 |    13 ||    44
       Blink             |       |     1 |     1 |     2 |     5 ||     9
       Repel Missiles    |       |     1 |     1 |     3 |     1 ||     6
       Conjure Flame     |       |       |    16 |    29 |    49 ||    94
       Searing Ray       |       |       |     1 |    73 |    99 ||   173
       Fulminant Prism   |       |       |       |    42 |    84 ||   126
       Iskenderun's Batt |       |       |       |    15 |    14 ||    29
       Regeneration      |       |       |       |     9 |    11 ||    20
       Poisonous Cloud   |       |       |       |       |    11 ||    11
Invok: Slouch            |       |       |       |     5 |    20 ||    25
 Abil: Spit Poison       |     6 |    13 |    10 |    19 |    31 ||    79
Evoke: Wand              |       |       |     1 |     1 |     7 ||     9
  Use: Scroll            |     2 |    10 |    12 |     6 |    12 ||    42
       Potion            |       |     4 |    12 |     4 |     5 ||    25
 Stab: Sleeping          |       |       |     5 |     1 |     1 ||     7
       Confused          |       |       |     2 |     2 |     2 ||     6
       Distracted        |       |       |     1 |       |     1 ||     2
       Petrifying        |       |       |       |       |     1 ||     1
       Petrified         |       |       |       |       |     1 ||     1
  Eat: Chunk             |     2 |     2 |    11 |    16 |    47 ||    78
       Bread ration      |       |     1 |     2 |       |       ||     3
       Pizza             |       |     1 |       |       |       ||     1
       Beef jerky        |       |     2 |       |       |       ||     2
       Royal jelly       |       |       |     1 |       |       ||     1
       Fruit             |       |       |       |     2 |     2 ||     4
       Meat ration       |       |       |       |     1 |       ||     1
